 Dungeon Crawl Stone Soup version 0.28-a0-1395-g4f6bc678fa (webtiles) character file.

Game seed: 8673255272995123458

74 eustatius the Caller (level 4, 0/29 (30) HPs)
             Began as a Demonspawn Wanderer on Jan 5, 2022.
             Slain by a goblin (1 damage)
             ... led by Robin
             ... on level 3 of the Dungeon.
             The game lasted 00:10:22 (2866 turns).

eustatius the Caller (Demonspawn Wanderer)          Turns: 2866, Time: 00:10:23

HP:   0/29 (30)     AC:  3    Str: 11    XL:     4   Next: 9%
MP:   1/7           EV: 11    Int: 16    God:
Gold: 40            SH:  6    Dex: 13    Spells: 1/7 levels left

rFire   . . .      SeeInvis .   a - +0 falchion
rCold   + . .      Faith    .   (no shield)
rNeg    . . .      Spirit   .   c - +0 robe
rPois   .          Reflect  .   (no helmet)
rElec   .          Harm     .   (no cloak)
rCorr   .          Rampage  .   (no gloves)
Will    .....                   b - +0 pair of boots
Stlth   ++........              (no amulet)
HPRegen 0.09/turn               f - ring of protection from cold
MPRegen 0.10/turn               (no ring)

@: lightly drained
A: large bone plates 2, demonic touch 1
a: no special abilities


You were on level 3 of the Dungeon.
You visited 1 branch of the dungeon, and saw 3 of its levels.

You collected 40 gold pieces.

Inventory:

Hand Weapons
 a - a +0 falchion (weapon)
Missiles
 g - 4 poisoned darts
Armour
 b - a +0 pair of boots (worn)
 c - a +0 robe (worn)
Magical Staves
 e - a staff of cold
Jewellery
 f - a ring of protection from cold (left hand)
Scrolls
 h - a scroll of fear {unknown}
 j - 3 scrolls of identify {unknown}
 k - a scroll of fog {unknown}
Potions
 d - 2 potions of heal wounds
 i - 2 potions of curing {unknown}


   Skills:
 + Level 0.2 Fighting
 * Level 1.9 Long Blades
 + Level 1.0 Throwing
 - Level 1.0 Armour
 * Level 0.7 Dodging
 - Level 1.7 Stealth
 * Level 2.3 Spellcasting
 + Level 4.4 Summonings


You had one spell level left.
You knew the following spells:

 Your Spells              Type           Power      Damage    Failure   Level
a - Summon Small Mammal   Summ           64%        N/A       3%          1
b - Call Canine Familiar  Summ           16%        N/A       10%         3
c - Call Imp              Summ           16%        N/A       4%          2

Your spell library contained the following spells:

 Spells                   Type           Power      Damage    Failure   Level


Dungeon Overview and Level Annotations

Branches:
Dungeon (3/15)

Altars:

Shops:
D:1 [

Annotations:
D:3 Robin


Innate Abilities, Weirdness & Mutations

You are mostly covered in large bone plates. (SH +6)
Your touch may inflict minor irresistible damage on your foes.


Message History

Casting: Call Canine Familiar (quite dangerous; 10% risk of failure)
Confirm with . or Enter, or press ? or * to list all spells.
The spell is quite dangerous to miscast (10% risk of failure)!
Continue anyway? [Y]es or [N]o only, please.
The spell is quite dangerous to miscast (10% risk of failure)!
Continue anyway?
The adder bites you.
You are poisoned.
The adder poisons you!
You closely miss the adder.
The adder is moderately wounded.
You feel sick. The adder bites you.
* * * LOW HITPOINT WARNING * * *
You block the adder's attack.
You swap places.
You feel sick.
Your hound closely misses the adder.
The adder completely misses your hound.
Your hound closely misses the adder.
You feel sick.
Your hound bites the adder.
The adder closely misses your hound.
You feel sick.
Your hound completely misses the adder.
The adder barely misses your hound.
Your hound bites the adder.
The adder dies!
You have reached level 4!
You feel stronger.
Your demonic ancestry asserts itself...
Large bone plates spread over more of your arms.
Found a stone staircase leading up.
You feel sick.
You are no longer poisoned.
Your magical contamination has completely faded away.
A hobgoblin comes into view.
The hobgoblin shouts!
Robin of the Strong Arm comes into view.
They are wielding a +0 whip.
Casting: Call Canine Familiar (quite dangerous; 10% risk of failure)
Confirm with . or Enter, or press ? or * to list all spells.
You don't have enough magic to cast this spell.
Casting: Call Canine Familiar (quite dangerous; 10% risk of failure)
Confirm with . or Enter, or press ? or * to list all spells.
You don't have enough magic to cast this spell.
Robin throws the goblin at you!
The goblin shouts!
The goblin hits you with a +3 dagger of draining.
* * * LOW HITPOINT WARNING * * *
You feel drained.
You die...

##
#.##################
................g..#
#....#########..@..#
#..#....<†.g.g..h..#
#....#########.....#
#.#.## #.<.....# #
#. #g###...... #. #.
#.###..# .. # #.#
..# g. #.. ...


g.g ### .## You could see Robin, 3 goblins and a friendly hound (summoned).

Vanquished Creatures
  An adder (D:2)
  A dart slug (D:1)
  3 bats
  3 endoplasms
  8 giant cockroaches
  3 goblins
  4 hobgoblins
  A jackal (D:1)
  A ball python (D:1)
  A frilled lizard (D:1)
  A kobold (D:1)
  5 rats
32 creatures vanquished.

Vanquished Creatures (collateral kills)
  An adder (D:3)
  A goblin (D:2)
  2 hobgoblins (D:1)
  2 jackals (D:1)
  3 kobolds
  A quokka (D:2)
  5 ball pythons
  A frilled lizard (D:1)
  A rat (D:1)
17 creatures vanquished.

Grand Total: 49 creatures vanquished

Notes
Turn   | Place    | Note
-------+----------+-------------------------------------------
     0 | D:1      | eustatius the Demonspawn Wanderer began the quest for the
                  | Orb.
     0 | D:1      | eustatius set off with the following items: a +0 falchion,
                  | a +0 pair of boots, a +0 robe; and the following spell
                  | memorised: Summon Small Mammal; and the following spells
                  | available to memorise: Call Imp, Call Canine Familiar
     0 | D:1      | Reached XP level 1. HP: 13/13 MP: 2/2
   292 | D:1      | Gained mutation: Your touch may inflict minor irresistible
                  | damage on your foes. [demonic ancestry]
   292 | D:1      | Reached XP level 2. HP: 17/19 MP: 2/4
  1070 | D:1      | Found a faded altar of an unknown god.
  1293 | D:1      | Gained mutation: You are partially covered in large bone
                  | plates. (SH +4) [demonic ancestry]
  1293 | D:1      | Reached XP level 3. HP: 11/24 MP: 2/5
  1603 | D:1      | Found Fas Beit's Armour Shop.
  1922 | D:1      | Learned a level 3 spell: Call Canine Familiar
  1925 | D:1      | Learned a level 2 spell: Call Imp
  2305 | D:2      | HP: 1/24 [poisoned by an adder]
  2861 | D:3      | Gained mutation: You are mostly covered in large bone
                  | plates. (SH +6) [demonic ancestry]
  2861 | D:3      | Reached XP level 4. HP: 4/30 MP: 0/7
  2865 | D:3      | Noticed Robin
  2866 | D:3      | HP: 1/30 [goblin[Robin] (2)]
  2866 | D:3      | Slain by a goblin

Illustrated notes

Levels and vault maps discovered:
D:1:      evilmike_arrival_hilbert_curve, layout_loops_corners, serial_shops,
          shop, shapermc_ecumenical_altar_venn, chequers_serial_rivers_small_a,
          minmay_misc_feat_tiny, minmay_worlds_worst_comb
D:2:      layout_basic
D:3:      layout_loops_ring, hangedman_feature_mirror,
          kennysheep_generic_room_14, uniq_jessica, uniq_crazy_yiuf_cottage,
          uniq_robin

Skill      XL: |  1  2  3 |
---------------+----------+-----
Spellcasting   | 2 |  2.3
Fighting       | |  0.2
Long Blades    | |  1.9
Throwing       | |  1.0
Armour         | |  1.0
Dodging        | |  0.7
Stealth        | |  1.7
Summonings     | |  4.4

Action                   |  1- 3 |  4- 6 || total
-------------------------+-------+-------++-------
Melee: Falchion          |    96 |       ||    96
       Touch             |    12 |       ||    12
 Cast: Summon Small Mamm |    29 |       ||    29
       Call Imp          |     7 |       ||     7
       Call Canine Famil |     2 |       ||     2
  Use: Potion            |     1 |       ||     1
 Stab: Sleeping          |     1 |       ||     1
Armor: Robe              |    49 |     1 ||    50
Dodge: Dodged            |   100 |       ||   100
Block: Other             |    13 |       ||    13

Table legend: (Time is in decaauts)
 A = Elapsed time spent in this place.
 B = Non-inter-level travel time spent in this place.
 C = Inter-level travel time spent in this place.
 D = Time resting spent in this place.
 E = Time spent auto-exploring this place.
 F = Levels seen in this place.
 G = Mean time per level.
                   A        B        C        D        E       F      G
               +--------+--------+--------+--------+--------+-----+--------+
         Total |   2888 |   2696 |    192 |    172 |   1614 |   3 |  962.7 |
       Dungeon |   2888 |   2696 |    192 |    172 |   1614 |   3 |  962.7 |
               +--------+--------+--------+--------+--------+-----+--------+

Top non-repeatable levels by time:
     D:1: 1941 daAuts
     D:2: 912 daAuts
     D:3: 33 daAuts
